 Dungeon Crawl Stone Soup version 0.30.0-29-ga12c61a403 (webtiles) character file.

Game seed: 9403747203526976595

21 Dadbod the Shield-Bearer (level 3, -1/29 HPs)
             Began as a Formicid Fighter on June 6, 2023.
             Succumbed to Sigmund's poison
             ... on level 2 of the Dungeon.
             The game lasted 00:02:31 (681 turns).

Dadbod the Shield-Bearer (Formicid Fighter)          Turns: 681, Time: 00:02:31

Health: -1/29      AC:  6    Str: 22    XL:     3   Next: 2%
Magic:  3/3        EV:  9    Int:  7    God:
Gold:   86         SH:  5    Dex: 13    Spells: 2/2 levels left

rFire   . . .        a - +0 flail
rCold   . . .        c - +0 buckler
rNeg    . . .        b - +0 scale mail
rPois   .            (helmet unavailable)
rElec   .            (no cloak)
rCorr   .            (no gloves)
SInv    +            (no boots)
Will    .....        (no amulet) Stlth
                     (no ring)
HPRegen 0.24/turn    (no ring)
MPRegen 0.08/turn

%: no passive effects
@: mighty, lethally poisoned (-1 -> -11)
A: permanent stasis, dig shafts and tunnels, antennae 3, four strong arms,
mutation resistance 1, noise suppression
a: Dig, Shaft Self


You were on level 2 of the Dungeon.
You visited 1 branch of the dungeon, and saw 2 of its levels.

You collected 86 gold pieces.

Inventory:

Hand Weapons
 a - a +0 flail (weapon)
 h - a +0 whip of pain
Armour
 b - a +0 scale mail (worn)
 c - a +0 buckler (worn)
Wands
 k - a wand of iceblast (9)
Scrolls
 g - a scroll of fog {unknown}
Potions
 f - a potion of invisibility {unknown}
 j - a potion of flight {unknown}


   Skills:
 + Level 3.6 Fighting
 * Level 2.2 Maces & Flails
 + Level 3.5 Armour
 + Level 4.4 Shields


You had 2 spell levels left.
You didn't know any spells.
Your spell library contained the following spells:

 Spells                   Type           Power      Damage    Failure   Level
 Slow                     Hex            0%         N/A       82%         1
 Confusing Touch          Hex            0%         N/A       99%         3
 Vampiric Draining        Necr           0%         2d6       99%         3


Dungeon Overview and Level Annotations

Branches:
Dungeon (2/15)

Altars:
Xom

Shops:
D:1 =

Annotations:
D:2 Sigmund


Innate Abilities, Weirdness & Mutations

You cannot be hasted, slowed, berserked, paralysed or teleported.
You can dig through walls and to a lower floor.
You have a pair of large antennae on your head. (SInv)
Your four strong arms can wield two-handed weapons with a shield.
You are somewhat resistant to further mutation.
You passively dampen the noise of your surroundings.


Message History

Sigmund hits you but does no damage.
You are poisoned.
You barely miss Sigmund.
Sigmund is moderately wounded.
You feel sick. Sigmund hits you but does no damage.
You are more poisoned.
You completely miss Sigmund.
Sigmund is moderately wounded.
You feel very sick. You block Sigmund's attack.
It was a potion of curing.
You feel better. Sigmund casts a spell at you. The puff of flame hits you.
You closely miss Sigmund.
Sigmund is moderately wounded.
Sigmund hits you with a +3 scythe of venom.
You hit Sigmund.
Sigmund is moderately wounded.
Sigmund hits you with a +3 scythe of venom.
a - a +0 flail (weapon)
You block Sigmund's attack.
You feel very mighty all of a sudden. Sigmund closely misses you.
You sock Sigmund!
Sigmund is severely wounded.
Sigmund hits you with a +3 scythe of venom.
* * * LOW HITPOINT WARNING * * *
You hit Sigmund.
Sigmund is almost dead.
Sigmund points at you and mumbles some strange words.
You resist with some effort. Sigmund closely misses you.
You completely miss Sigmund.
Sigmund is almost dead.
Sigmund hits you with a +3 scythe of venom!
* * * LOW HITPOINT WARNING * * *
You are lethally poisoned!
It was a potion of mutation.
You feel extremely strange.
You feel genetically stable.
You feel your surroundings grow quieter.
You die...

########
######......#
##.........?.#
##........@...#
#....()..@._..#
#.............#
#<............#
######.†.........###
................##
.####...>......##
...###.........##
#...#....<.....#
#............#


You could see Sigmund (fast, invisible).

Vanquished Creatures
  2 ball pythons (D:1)
  An endoplasm (D:1)
  A giant cockroach (D:1)
  2 hobgoblins (D:1)
  3 jackals (D:1)
  A kobold (D:1)
  2 quokkas (D:1)
  2 bats (D:1)
  2 frilled lizards
  2 goblins (D:1)
18 creatures vanquished.

Notes
Turn   | Place    | Note
-------+----------+-------------------------------------------
     0 | D:1      | Dadbod the Formicid Fighter began the quest for the Orb.
     0 | D:1      | Reached XP level 1. HP: 18/18 MP: 1/1
   139 | D:1      | Reached XP level 2. HP: 24/24 MP: 2/2
   455 | D:1      | Found Roleeloh's Jewellery Emporium.
   480 | D:1      | Reached XP level 3. HP: 29/29 MP: 3/3
   637 | D:2      | Found a shimmering altar of Xom.
   662 | D:2      | Noticed Sigmund
   681 | D:2      | Gained mutation: You are somewhat resistant to further
                  | mutation. [potion of mutation]
   681 | D:2      | Gained mutation: You passively dampen the noise of your
                  | surroundings. [potion of mutation]
   681 | D:2      | Succumbed to Sigmund's poison

Illustrated notes

Levels and vault maps discovered:
D:1:      dpeg_arrival_line_fractal, layout_loops_ring, serial_shops, shop
D:2:      layout_rooms, basic_altar, solitary_fountain, uniq_sigmund

Action                     || total
---------------------------++-------
  Melee: Flail             ||    29
         Whip              ||    19
    Use: Potion            ||     3
 Armour: Scale mail        ||    20
  Dodge: Dodged            ||    21
  Block: Buckler           ||    15
